 Dungeon Crawl Stone Soup version 0.25-a0-492-g44cc58d149 (webtiles) character file.

Game seed: 18036256328725437594, levelgen mode: deterministic

471958 mopl the Chopper (level 23, -1/202 HPs)
             Began as a Troll Ice Elementalist on Feb 10, 2020.
             Was a High Priest of Okawaru.
             Slain by a phantasmal warrior (7 damage)
             ... summoned by an ancient lich
             ... on level 1 of the Realm of Zot on Feb 11, 2020.
             The game lasted 03:51:40 (56313 turns).

mopl the Chopper (Troll Ice Elementalist)          Turns: 56313, Time: 03:51:41

Health: -1/202     AC: 27    Str: 22    XL:     23   Next: 26%
Magic:  41/41      EV: 12    Int: 14    God:    Okawaru [*****.]
Gold:   1195       SH: 16    Dex: 16    Spells: 10/36 levels left

rFire    + + .     SeeInvis .   a - +18 lance "Wyrmbane" {slay drac, rPois rF+ rC+ AC+3}
rCold    + + +     Gourm    +   z - +5 kite shield {reflect}
rNeg     + . .     Faith    +   G - quicksilver dragon scales of Contentment {MR+ MP+9}
rPois    +         Spirit   .   W - +4 hat of the Grue {rF+ Int+3}
rElec    +         Reflect  +   A - +3 cloak of Magic {rElec rCorr Int-5 Stlth+}
rCorr    +         Harm     .   (gloves unavailable)
MR       +....                  (boots unavailable)
Stlth    +++++.....             n - amulet "Rublut" {Faith rPois rC+ Int+2}
HPRegen  0.83/turn              Y - ring of Ziwi Wei {rElec rPois rF- rC+ rN+ Stlth+}
MPRegen  0.27/turn              R - ring of Jick {+Fly rF+ rC+ MR+ Int+2}

@: vulnerable, slowed, very slow
A: large, unfitting armour, claws 3, fast metabolism 3, gourmand, regeneration
1, shaggy fur 1, tough skin 3
}: 3/15 runes: serpentine, barnacled, slimy
a: Heroism, Finesse, Renounce Religion, Evoke Flight


You were on level 1 of the Realm of Zot.
You worshipped Okawaru.
Okawaru was extremely pleased with you.
You were very full.

You visited 9 branches of the dungeon, and saw 45 of its levels.
You visited the Abyss 1 time.
You also visited: Ice Cave.

You collected 7196 gold pieces.
You spent 6001 gold pieces at shops.

Inventory:

Hand Weapons
 a - the +18 lance "Wyrmbane" (weapon) {slay drac, rPois rF+ rC+ AC+3}
   (You bought it in a shop on level 2 of the Orcish Mines)

   It affects your AC (+3).
   It protects you from fire.
   It protects you from cold.
   It protects you from poison.
 b - the +9 fustibalus of War {speed, rF+ rN+ Str+4 Int+5}
   (Okawaru gifted it to you on level 4 of the Snake Pit)

   Attacks with this weapon are significantly faster.
   It affects your strength (+4).
   It affects your intelligence (+5).
   It protects you from fire.
   It protects you from negative energy.
 S - a +0 dagger
Missiles
 f - 9 throwing nets
 i - 670 sling bullets
 p - 49 silver javelins (quivered)
 q - 10 boomerangs of dispersal
 v - 77 boomerangs
 C - 33 javelins
 H - 7 datura-tipped darts
 O - 71 large rocks
 P - 13 curare-tipped darts
Armour
 z - a +5 kite shield of reflection (worn)
 A - the +3 cloak of Magic (worn) {rElec rCorr Int-5 Stlth+}
   (Okawaru gifted it to you on level 2 of the Orcish Mines)

   It affects your intelligence (-5).
   It insulates you from electricity.
   It provides partial protection from all sources of acid and corrosion.
   It makes you more stealthy.
   If you remove this armour, your AC will decrease by 5 (27 -> 22).
 G - the quicksilver dragon scales of Contentment (worn) {MR+ MP+9}
   (Okawaru gifted it to you on level 1 of the Elven Halls)

   It affects your resistance to hostile enchantments.
   It affects your magic capacity (+9).
   If you remove this armour, your AC will decrease by 12 (27 -> 15).
 W - the +4 hat of the Grue (worn) {rF+ Int+3}
   (You found it in an ice cave)

   It affects your intelligence (+3).
   It protects you from fire.
   If you remove this armour, your AC will decrease by 4 (27 -> 23).
Jewellery
 m - the ring "Xauheroh" {*Corrode rElec rPois rC+++ SInv}
   (You found it on level 3 of the Snake Pit)

   [ring of see invisible]

   It renders you almost immune to cold.
   It insulates you from electricity.
   It protects you from poison.
   It lets you see invisible.
   It may corrode you when you take damage.
 n - the amulet "Rublut" (around neck) {Faith rPois rC+ Int+2}
   (You found it on level 4 of the Depths)

   [amulet of faith]

   It allows you to gain divine favour quickly.
   It affects your intelligence (+2).
   It protects you from cold.
   It protects you from poison.
 R - the ring of Jick (right claw) {+Fly rF+ rC+ MR+ Int+2}
   (You took it off a deep elf sorcerer on level 4 of the Depths)

   [ring of flight]

   It affects your intelligence (+2).
   It protects you from fire.
   It protects you from cold.
   It affects your resistance to hostile enchantments.
   It lets you fly.
 Y - the ring of Ziwi Wei (left claw) {rElec rPois rF- rC+ rN+ Stlth+}
   (You took it off a boggart on level 2 of the Depths)

   [ring of poison resistance]

   It makes you vulnerable to fire.
   It protects you from cold.
   It insulates you from electricity.
   It protects you from poison.
   It protects you from negative energy.
   It makes you more stealthy.
Wands
 k - a wand of enslavement (4)
 B - a wand of iceblast (20)
 D - a wand of paralysis (31)
 E - a wand of acid (40)
 F - a wand of clouds (3)
 K - a wand of scattershot (2)
 T - a wand of digging (9)
Scrolls
 d - a scroll of summoning
 h - 23 scrolls of teleportation
 l - 8 scrolls of fog
 u - 9 scrolls of vulnerability
 w - a scroll of fear
 y - 5 scrolls of magic mapping
 Q - 2 scrolls of blinking
 V - 3 scrolls of identify
Potions
 g - 7 potions of mutation {!q}
 j - a potion of resistance
 r - 7 potions of haste
 s - 5 potions of cancellation
 t - 14 potions of curing
 x - 6 potions of heal wounds
 I - 9 potions of might
 J - 4 potions of ambrosia
 M - 6 potions of invisibility
 X - 3 potions of agility
Miscellaneous
 e - a lightning rod (4/4)
 o - 3 sacks of spiders
 L - a phial of floods
 N - a lamp of fire
 U - a fan of gales
 Z - 2 boxes of beasts
Comestibles
 c - 67 rations


   Skills:
 - Level 7.0 Fighting
 * Level 5.5 Short Blades
   Level 7.1(9.4) Axes
   Level 7.0(9.9) Maces & Flails
 - Level 7.0(9.5) Polearms
   Level 7.0(9.3) Staves
 - Level 7.0(7.8) Slings
 - Level 7.0(9.1) Throwing
 - Level 7.0 Armour
 - Level 7.0 Dodging
 - Level 7.0 Stealth
 - Level 7.0 Shields
 - Level 7.0 Unarmed Combat
 - Level 7.0 Spellcasting
 - Level 7.0 Conjurations
 - Level 7.0 Hexes
 - Level 7.0 Charms
 + Level 5.0 Summonings
 + Level 6.5 Necromancy
 - Level 7.0 Translocations
 - Level 7.0 Transmutations
 + Level 5.0 Fire Magic
 - Level 7.0 Ice Magic
 - Level 7.0 Air Magic
 - Level 7.0 Earth Magic
 - Level 7.0 Poison Magic
 - Level 7.0 Invocations
 - Level 7.0 Evocations


You had 10 spell levels left.
You knew the following spells:

 Your Spells              Type           Power        Failure   Level  Hunger
a - Apportation           Tloc           ###...       1%          1    None
b - Frozen Ramparts       Ice            ###...       5%          3    ##.....
c - Poisonous Vapours     Pois/Air       ###...       2%          2    #......
d - Dazzling Flash        Conj/Hex       ###...       5%          3    ##.....
e - Blink                 Tloc           N/A          2%          2    #......
f - Freeze                Ice            ###.         1%          1    None
g - Foxfire               Conj/Fire      ###.         2%          1    None
h - Summon Guardian Gole  Hex/Summ       ###.....     9%          3    ##.....
n - Swiftness             Chrm/Air       ###.....     2%          2    #......
p - Passwall              Tmut/Erth      ###.....     2%          2    #......
s - Ozocubu's Armour      Chrm/Ice       ###.....     5%          3    ##.....
w - Sticks to Snakes      Tmut           ###.....     2%          2    #......
x - Animate Skeleton      Necr           N/A          2%          1    None

Your spell library contained the following spells:

 Spells                   Type           Power        Failure   Level  Hunger
 Beastly Appendage        Tmut           ###...       1%          1    None
 Corona                   Hex            ###....      1%          1    None
 Magic Dart               Conj           ###.         1%          1    None
 Sandblast                Erth           ###...       1%          1    None
 Sting                    Tmut/Pois      ###.         1%          1    None
 Pain                     Necr           ###.         2%          1    None
 Ensorcelled Hibernation  Hex/Ice        ###...       2%          2    #......
 Searing Ray              Conj           ###...       2%          2    #......
 Shroud of Golubria       Chrm/Tloc      ###...       2%          2    #......
 Corpse Rot               Necr/Air       N/A          3%          2    #......
 Sublimation of Blood     Necr           ###.......   3%          2    #......
 Summon Small Mammal      Summ           ###.         4%          1    None
 Confusing Touch          Hex            ###.....     5%          3    ##.....
 Gell's Gravitas          Tloc           ###.......   5%          3    ##.....
 Lesser Beckoning         Tloc           ###.......   5%          3    ##.....
 Mephitic Cloud           Conj/Pois/Air  ###.....     5%          3    ##.....
 Spider Form              Tmut/Pois      ###.......   5%          3    ##.....
 Static Discharge         Conj/Air       ###.....     5%          3    ##.....
 Stone Arrow              Conj/Erth      ###...       5%          3    ##.....
 Teleport Other           Tloc           ###.....     5%          3    ##.....
 Tukima's Dance           Hex            ###.....     5%          3    ##.....
 Call Imp                 Summ           ###.....     6%          2    #......
 Vampiric Draining        Necr           ###.......   7%          3    ##.....
 Ignite Poison            Fire/Tmut/Pois ###.....     8%          3    ##.....
 Conjure Flame            Conj/Fire      ###.....     9%          3    ##.....
 Call Canine Familiar     Summ           ###.....     12%         3    ##.....
 Cause Fear               Hex            ###.......   19%         4    ####...
 Fulminant Prism          Conj/Hex       ###.......   19%         4    ####...
 Hailstorm                Conj/Ice       ###.....     19%         4    ####...
 Ice Form                 Ice/Tmut       ###.....     19%         4    ####...
 Iskenderun's Mystic Bla  Conj/Tloc      ###.....     19%         4    ####...
 Leda's Liquefaction      Hex/Erth       ###.......   19%         4    ####...
 Olgreb's Toxic Radiance  Pois           ###.....     19%         4    ####...
 Passage of Golubria      Tloc           N/A          19%         4    ####...
 Petrify                  Tmut/Erth      ###.....     19%         4    ####...
 Animate Dead             Necr           N/A          22%         4    ####...
 Dispel Undead            Necr           ###.....     22%         4    ####...
 Summon Ice Beast         Ice/Summ       ###.....     28%         4    ####...
 Summon Lightning Spire   Summ/Air       ###.....     28%         4    ####...
 Alistair's Intoxication  Tmut/Pois      ###.....     45%         5    ######.
 Blade Hands              Tmut           ###.......   45%         5    ######.
 Irradiate                Conj/Tmut      ###.......   45%         5    ######.
 Iskenderun's Battlesphe  Conj/Chrm      ###.....     45%         5    ######.
 Lee's Rapid Deconstruct  Erth           ###.......   45%         5    ######.
 Silence                  Hex/Air        ###.......   45%         5    ######.
 Yara's Violent Unravell  Hex/Tmut       ###.......   45%         5    ######.
 Borgnjor's Vile Clutch   Necr/Erth      ###.......   50%         5    ######.
 Excruciating Wounds      Chrm/Necr      ###.......   50%         5    ######.
 Agony                    Necr           ###.....     54%         5    ######.
 Bolt of Magma            Conj/Fire/Erth ###.......   56%         5    ######.
 Darkness                 Hex            ###.......   96%         6    #######
 Deflect Missiles         Chrm/Air       ###.......   96%         6    #######
 Eringya's Noxious Bog    Tmut/Pois      ###.......   96%         6    #######
 Freezing Cloud           Conj/Ice/Air   ###.......   96%         6    #######
 Hydra Form               Tmut           ###.......   96%         6    #######
 Invisibility             Hex            ###.....     96%         6    #######
 Iron Shot                Conj/Erth      ###.......   96%         6    #######
 Statue Form              Tmut/Erth      ###......    96%         6    #######
 Dragon Form              Tmut           ###.......   100%        7    #######
 Malign Gateway           Summ/Tloc      ###.......   100%        7    #######
 Monstrous Menagerie      Summ           ###.......   100%        7    #######
 Ring of Flames           Chrm/Fire      ###.......   100%        7    #######
 Summon Greater Demon     Summ           ###.......   100%        7    #######
 Chain Lightning          Conj/Air       ###.......   100%        8    #######
 Controlled Blink         Tloc           N/A          100%        8    #######
 Discord                  Hex            ###.......   100%        8    #######
 Lehudib's Crystal Spear  Conj/Erth      ###.......   100%        8    #######
 Summon Horrible Things   Summ           ###.......   100%        8    #######
 Fire Storm               Conj/Fire      ###.......   100%        9    #######
 Glaciate                 Conj/Ice       ###.......   100%        9    #######
 Shatter                  Erth           ###.......   100%        9    #######


Dungeon Overview and Level Annotations

Branches:
Dungeon (15/15)            Temple (0/1) D:4            Lair (6/6) D:9
 Shoals (4/4) Lair:3        Snake (4/4) Lair:4        Slime (5/5) Lair:6
    Orc (2/2) D:11            Elf (3/3) Orc:2        Vaults (0/5) D:14
 Depths (5/5) D:15            Zot (1/5) Depths:5      IceCv (visited)

Altars:
Ashenzari
Dithmenos
Gozag
Hepliaklqana
Makhleb
Okawaru
Wu Jian
Xom
Zin
The Shining One
Beogh
Jiyva
Lugonu

Shops:
D:10 !!*   Orc:2 %*[(   Elf:2 ?   Snake:3 [}   Depths:5 *

Portals:
Hell: Depths:1 Depths:2
Abyss: Depths:4

Annotations:
D:12 ?RC
Shoals:3 Mara
Snake:2 2 transporters


Innate Abilities, Weirdness & Mutations

You are too large for most types of armour.
You have claws for hands.
Your metabolism is lightning-fast.
You like to eat raw meat.
Your natural rate of healing is unusually fast.
You are covered in fur. (AC +1)
You have extremely tough skin. (AC +3)


Message History

You block the death cob's attack.
You block the freezing wraith's attack. x2
The death cob hits you!!
* * * LOW HITPOINT WARNING * * *
The death cob drains your vigour!
You feel as though you will be slow longer.
You closely miss the death cob.
The death cob is severely damaged.
The death cob hits you.
* * * LOW HITPOINT WARNING * * *
The death cob drains your vigour!
You feel as though you will be slow longer.
You block the death cob's attack. The phantasmal warrior hits you!!
* * * LOW HITPOINT WARNING * * *
Your magical defenses are stripped away!
You block the freezing wraith's attack. x2; The death cob hits you!
* * * LOW HITPOINT WARNING * * *
The death cob drains your vigour!
You feel as though you will be slow longer.
The phantasmal warrior hits you!
You die...

*,,* **,,,** #..*
*...** *
#[.****##..#* **
#..,,,,,..(# **,
#..,,,,,...# **,,
#..*****#..#####*,,,
#..######.......,,,*
#..WW...........,,,*
#..@zW....(#*****,,*
#..######)(# *,,*
#..* #))# *,,* #..*
#()# *,,* #..* #.(#
*,^* #.)* #.(# *,,*
#..* #.(#*****,,*
#..*****#.(ยง,,,,,,,*
*,,,,,,,..(..,,,,,,,


You could see a death cob, a phantasmal warrior, a freezing wraith and a wraith.

Vanquished Creatures
  the Royal Jelly (Slime:5)
  A juggernaut (Depths:2)
  Bai Suzhen (Depths:1)
  Frederick (Depths:4)
  Xtahua (Depths:4)
  8 caustic shrikes (Depths:4)
  Jory (Depths:4)
  4 golden dragons
  A bone dragon (Depths:5)
  2 tentacled monstrosities (Depths:4)
  4 liches
  2 deep elf blademasters (Elf:3)
  2 deep elf master archers (Elf:3)
  12 acid blobs
  2 quicksilver dragons
  Polyphemus (Shoals:3)
  A titan (Depths:4)
  A tentacled starspawn (Abyss:2)
  2 storm dragons
  3 tengu reavers
  Donald (Orc:1)
  7 azure jellies (Slime:5)
  An azure jelly (shapeshifter) (Depths:4)
  A sphinx (Depths:4)
  9 nagarajas
  6 fire giants
  Roxanne (Shoals:4)
  2 orc warlords (Orc:2)
  4 frost giants
  2 draconian stormcallers (Depths:5)
  3 draconian scorchers (Zot:1)
  6 deep elf sorcerers
  4 deep elf elementalists
  2 spriggan defenders (Depths:4)
  14 very ugly things
  2 draconian annihilators
  5 stone giants
  A black draconian (Zot:1)
  2 vampire knights
  Nessos (Lair:4)
  5 deep elf demonologists (Elf:3)
  A yellow draconian (Depths:5)
  2 white draconians
  4 deep elf annihilators (Elf:3)
  2 red draconians
  A dire elephant (D:15)
  2 spark wasps
  A purple draconian (Depths:5)
  6 merfolk javelineers
  9 ettins
  A blizzard demon (Abyss:2)
  11 death oozes (Slime:5)
  7 deep elf death magi
  4 yaktaur captains
  5 fire dragons
  11 merfolk impalers
  4 jiangshi
  14 great orbs of eyes
  8 deep elf high priests (Elf:3)
  11 ice dragons
  8 vault guards
  10 naga warriors
  4 rakshasas
  10 hydras
  2 catoblepae
  5 merfolk avatars
  An alligator snapping turtle (Shoals:2)
  3 spriggan air magi
  A satyr (Shoals:4)
  A queen ant (shapeshifter) (Depths:2)
  8 anacondas
  4 centaur warriors
  10 dancing weapons
  4 merfolk aquamancers
  16 death yaks
  2 deep troll earth magi (Depths:5)
  8 two-headed ogres
  10 deep troll shamans
  5 tengu warriors
  3 ogre magi
  5 vampire magi
  5 spriggan berserkers
  A titan zombie (Depths:1)
  2 thrashing horrors (Abyss:2)
  12 naga sharpshooters
  7 hell knights
  10 shock serpents
  An orc high priest (Orc:2)
  7 deep elf knights (Elf:3)
  A fire crab (Lair:6)
  7 salamander mystics
  2 iron trolls
  3 skeletal warriors (D:11)
  3 glowing orange brains
  A fire crab (shapeshifter) (Elf:1)
  7 large abominations
  4 wizards
  A flayed ghost (Depths:2)
  8 sea snakes
  A sixfirhy (Abyss:2)
  A spark wasp zombie (Depths:1)
  16 deep trolls
  A death drake (shapeshifter) (Depths:2)
  4 unseen horrors
  5 deep elf archers
  11 harpies
  6 naga ritualists
  2 orc knights
  5 necromancers
  2 harpies (shapeshifter)
  4 lindwurms (Snake:4)
  A golden dragon skeleton (Depths:3)
  2 wolf spiders (D:15)
  14 mana vipers
  A tengu skeleton (Depths:3)
  11 salamanders
  51 deep elf magi
  4 orc sorcerers (Orc:2)
  16 fauns
  2 shining eyes
  7 cyclopes
  29 ugly things
  A worldbinder (Abyss:2)
  17 manticores
  15 elephants
  25 black mambas
  3 moths of wrath (Zot:1)
  5 merfolk sirens
  A black mamba (shapeshifter) (Depths:4)
  7 guardian serpents
  An iron dragon skeleton (Depths:3)
  An ice statue (IceCv)
  An orange demon (Abyss:2)
  25 naga magi
  4 spectral swamp worms (Depths:1)
  A fire giant skeleton (Depths:3)
  5 water nymphs
  A gargoyle (D:14)
  3 smoke demons (Abyss:2)
  2 kobold demonologists
  9 spiny frogs
  A hellion (Abyss:2)
  9 yaktaurs
  Maggie (D:9)
  A demonic crawler (Abyss:2)
  A rime drake (Lair:6)
  An ice devil (Depths:4)
  4 komodo dragons
  A spriggan skeleton (Depths:1)
  An ancient zyme (Abyss:2)
  2 tengu conjurers
  3 meliai (D:13)
  8 trolls
  A queen bee (D:13)
  38 merfolk
  17 polar bears
  An ettin zombie (Depths:1)
  4 wind drakes
  Grinder (D:6)
  19 blink frogs
  2 hornets
  61 slime creatures
  6 snapping turtles
  A blink frog (shapeshifter) (Depths:3)
  14 dream sheep
  11 hippogriffs
  A meliai zombie (D:14)
  2 vampires
  10 small abominations (Abyss:2)
  21 water elementals
  3 air elementals
  8 wyverns
  10 spriggans
  27 yaks
  8 golden eyes
  3 hungry ghosts
  A basilisk (shapeshifter) (Elf:3)
  A human (D:11)
  Grum (D:8)
  3 basilisks
  3 fire bats (Abyss:2)
  A neqoxec (Abyss:2)
  4 fire elementals (Elf:3)
  12 wargs
  3 vampire mosquitoes (D:14)
  4 swamp worms (Lair:1)
  33 nagas
  2 soldier ants
  2 acid dragons
  11 water moccasins
  7 porcupines
  A floating eye (Depths:4)
  48 orc warriors
  An eye of draining (shapeshifter) (D:14)
  3 sky beasts
  4 black bears
  8 eyes of draining
  2 phantoms
  A necrophage (D:7)
  An ice beast (shapeshifter) (Depths:2)
  2 ice beasts
  A hornet zombie (D:13)
  18 ogres
  6 boggarts
  19 wolves
  17 centaurs
  15 crocodiles
  2 elf zombies
  3 big kobolds
  17 bullfrogs
  An earth elemental (Elf:3)
  A wyvern zombie (D:14)
  5 scorpions
  31 killer bees
  11 wights
  4 electric eels
  2 howler monkeys (D:5)
  11 crimson imps
  3 bullfrog zombies
  A centaur zombie (D:12)
  6 starcursed masses (Abyss:2)
  11 hounds
  24 orc priests
  37 orc wizards
  A quasit (Abyss:2)
  4 bullfrog skeletons
  3 centaur skeletons
  4 jellies
  3 iguanas
  Jessica (D:3)
  11 worker ants
  A killer bee zombie (D:9)
  A hound skeleton (D:7)
  2 worker ant zombies
  10 adders
  3 gnolls (D:5)
  3 shadow imps
  An ufetubus (Abyss:2)
  2 adder zombies (D:5)
  An adder skeleton (D:4)
  2 worms
  2 dart slugs
  7 leopard geckos
  105 orcs
  2 ball pythons
  6 bats
  4 giant cockroaches
  5 goblins
  7 hobgoblins
  15 jackals
  3 quokkas
  4 frilled lizards
  A jackal skeleton (D:5)
  A jackal zombie (D:6)
  23 kobolds
  A quokka zombie (D:5)
  5 rats
  3 plants
  2 starspawn tentacles (Abyss:2)
1715 creatures vanquished.

Vanquished Creatures (collateral kills)
  A spriggan defender (Depths:4)
  2 merfolk aquamancers (Shoals:4)
  2 anacondas (Snake:4)
  A shock serpent (Snake:4)
  A deep troll shaman (Depths:4)
  A spriggan berserker (Depths:1)
  A sea snake (Shoals:4)
  A mana viper (Snake:4)
  3 harpies (Shoals:1)
  A faun (Shoals:1)
  2 merfolk sirens (Shoals:4)
  A wind drake (Shoals:4)
  4 merfolk
  An ogre (D:6)
  A centaur (Shoals:4)
  A plant (Depths:2)
24 creatures vanquished.

Vanquished Creatures (others)
  2 deep elf master archers (Elf:3)
  A vampire knight (Depths:4)
  A merfolk impaler (Shoals:4)
  An ice dragon (Depths:1)
  An anaconda (Snake:4)
  A merfolk aquamancer (Shoals:2)
  7 naga sharpshooters
  A shock serpent (Snake:4)
  A salamander mystic (Snake:3)
  A death drake (shapeshifter) (Depths:2)
  A sea snake (Shoals:2)
  A deep elf archer (Elf:3)
  A deep elf mage (Elf:3)
  2 cyclopes
  An iron dragon skeleton (Abyss:2)
  A yaktaur (Depths:5)
  A merfolk (Shoals:4)
  A hornet (Depths:3)
  2 slime creatures
  A spriggan (Depths:3)
  A chaos spawn (Abyss:2)
  4 centaurs
  A killer bee (D:6)
  2 bushes (Lair:6)
  20 fungi (Lair:6)
  68 plants
  2 starspawn tentacles (Abyss:2)
127 creatures vanquished.

Grand Total: 1866 creatures vanquished

Notes
Turn   | Place    | Note
-------+----------+-------------------------------------------
     0 | D:1      | mopl the Troll Ice Elementalist began the quest for the
                  | Orb.
     0 | D:1      | Reached XP level 1. HP: 16/16 MP: 1/1
    13 | D:1      | Reached skill level 3 in Ice Magic
    75 | D:1      | Reached XP level 2. HP: 23/24 MP: 3/3
   390 | D:1      | Reached skill level 1 in Unarmed Combat
   705 | D:2      | Reached XP level 3. HP: 32/32 MP: 4/4
  1060 | D:2      | Found an iron altar of Okawaru.
  1072 | D:2      | Became a worshipper of Warmaster Okawaru
  1429 | D:3      | Noticed Jessica
  1431 | D:3      | Killed Jessica
  1431 | D:3      | Reached skill level 1 in Throwing
  1431 | D:3      | Reached XP level 4. HP: 40/40 MP: 5/5
  1440 | D:3      | Learned a level 3 spell: Frozen Ramparts
  1643 | D:3      | Reached skill level 1 in Fighting
  1753 | D:3      | Reached XP level 5. HP: 22/48 MP: 4/6
  2203 | D:4      | Learned a level 3 spell: Ozocubu's Armour
  2242 | D:4      | Reached skill level 2 in Unarmed Combat
  2277 | D:4      | Reached skill level 1 in Invocations
  2291 | D:4      | Found a staircase to the Ecumenical Temple.
  2337 | D:4      | Noticed an ogre
  2345 | D:4      | Killed an ogre
  2345 | D:4      | Reached * piety under Okawaru
  2345 | D:4      | Reached skill level 1 in Slings
  2345 | D:4      | Reached XP level 6. HP: 8/55 MP: 4/7
  2840 | D:5      | Entered Level 5 of the Dungeon
  2870 | D:5      | Reached skill level 4 in Ice Magic
  2933 | D:5      | Reached skill level 2 in Spellcasting
  2996 | D:5      | Reached skill level 3 in Unarmed Combat
  2996 | D:5      | Reached XP level 7. HP: 52/63 MP: 5/9
  3204 | D:5      | Found a shattered altar of Ashenzari.
  3247 | D:5      | Reached skill level 2 in Throwing
  3247 | D:5      | Reached skill level 1 in Charms
  3320 | D:5      | Reached skill level 2 in Fighting
  3494 | D:5      | Reached ** piety under Okawaru
  3494 | D:5      | Reached skill level 2 in Invocations
  3607 | D:6      | HP: 3/65 [poisoned by a killer bee]
  3612 | D:5      | HP: 2/65 [poisoned by a killer bee]
  3618 | D:5      | HP: 1/65 [poisoned by a killer bee]
  3623 | D:5      | HP: 2/65 [poisoned by a killer bee]
  4092 | D:6      | Reached XP level 8. HP: 65/72 MP: 1/10
  4162 | D:6      | Noticed Grinder
  4178 | D:6      | Paralysed by Grinder for 7 turns
  4185 | D:6      | Killed Grinder
  4185 | D:6      | Reached skill level 4 in Unarmed Combat
  4315 | D:6      | Reached skill level 2 in Slings
  5001 | D:7      | Found a hazy altar of Hepliaklqana.
  5002 | D:7      | Noticed a hippogriff
  5011 | D:7      | Killed a hippogriff
  5011 | D:7      | Reached skill level 3 in Throwing
  5011 | D:7      | Reached skill level 5 in Ice Magic
  5038 | D:7      | Reached *** piety under Okawaru
  5038 | D:7      | Reached skill level 5 in Unarmed Combat
  5052 | D:7      | Found a shimmering altar of Xom.
  5095 | D:7      | Reached skill level 2 in Charms
  5095 | D:7      | Reached skill level 3 in Invocations
  5095 | D:7      | Reached XP level 9. HP: 58/78 MP: 8/12
  5249 | D:7      | Reached skill level 3 in Fighting
  5595 | D:7      | Found a glowing golden altar of the Shining One.
  5666 | D:7      | Found an ornate altar of the Wu Jian Council.
  5666 | D:7      | Found a burning altar of Makhleb.
  5881 | D:8      | Noticed a kobold demonologist
  5887 | D:8      | Killed a kobold demonologist
  5887 | D:8      | Reached **** piety under Okawaru
  5887 | D:8      | Reached skill level 3 in Spellcasting
  6177 | D:8      | Reached skill level 6 in Unarmed Combat
  6377 | D:8      | HP: 2/81 [orc warrior/boomerang (8)]
  6639 | D:8      | Noticed Grum
  6648 | D:8      | Received a gift from Okawaru
  6653 | D:8      | Killed Grum
  6654 | D:8      | Reached XP level 10. HP: 68/89 MP: 5/13
  6893 | D:8      | Reached skill level 4 in Throwing
  6908 | D:8      | Found a shadowy altar of Dithmenos.
  6908 | D:8      | Found an opulent altar of Gozag.
  6911 | D:8      | Got a silken robe
  6922 | D:8      | Identified the +1 robe "Coras" {-Cast rC++ Str+4 Dex+2}
                  | (You found it on level 8 of the Dungeon)
  6934 | D:8      | Found a glowing silver altar of Zin.
  7139 | D:9      | Reached skill level 3 in Slings
  7327 | D:9      | Reached skill level 6 in Ice Magic
  7452 | D:9      | Found a staircase to the Lair.
  7462 | D:9      | Reached skill level 4 in Invocations
  7950 | D:9      | Noticed Maggie
  7958 | D:9      | Killed Maggie
  7974 | D:9      | Learned a level 2 spell: Sticks to Snakes
  8537 | D:10     | Entered Level 10 of the Dungeon
  8543 | D:10     | Reached skill level 4 in Fighting
  8543 | D:10     | Reached skill level 3 in Charms
  8602 | D:10     | Found Efoum's General Store.
  8611 | D:10     | Reached skill level 7 in Unarmed Combat
  8639 | D:10     | Bought a scroll of identify for 26 gold pieces
  8639 | D:10     | Bought a scroll of identify for 26 gold pieces
  8639 | D:10     | Bought a wand of paralysis (12) for 182 gold pieces
  9007 | D:10     | Found Aregiv's Distillery.
  9036 | D:10     | Bought a potion of degeneration for 13 gold pieces
  9036 | D:10     | Bought a potion of curing for 39 gold pieces
  9036 | D:10     | Bought a potion of magic for 104 gold pieces
  9036 | D:10     | Bought a potion of heal wounds for 65 gold pieces
  9057 | D:10     | Found Onayhupouz's Distillery.
  9227 | D:10     | Reached skill level 2 in Dodging
  9274 | D:10     | Noticed a two-headed ogre
  9296 | D:10     | Killed a two-headed ogre
  9296 | D:10     | Reached skill level 1 in Transmutations
  9331 | D:10     | Noticed a tengu warrior
  9349 | D:10     | Killed a tengu warrior
  9349 | D:10     | Received a gift from Okawaru
  9349 | D:10     | Reached skill level 1 in Armour
  9349 | D:10     | Reached XP level 11. HP: 59/98 MP: 5/15
  9425 | D:11     | Received a gift from Okawaru
  9546 | D:11     | Found a staircase to the Orcish Mines.
  9578 | D:11     | Reached skill level 1 in Evocations
  9871 | D:11     | Noticed a skeletal warrior
  9901 | D:11     | Killed a skeletal warrior
  9901 | D:11     | Reached ***** piety under Okawaru
 10159 | D:11     | Noticed a white ugly thing
 10178 | D:11     | Killed a white ugly thing
 10182 | D:11     | Learned a level 2 spell: Blink
 10284 | D:11     | Received a gift from Okawaru
 10284 | D:11     | Reached skill level 5 in Throwing
 10321 | D:11     | Noticed a red ugly thing
 10328 | D:11     | Killed a red ugly thing
 10328 | D:11     | Reached skill level 7 in Ice Magic
 10488 | D:11     | Noticed a skeletal warrior
 10524 | D:11     | Killed a skeletal warrior
 10524 | D:11     | Reached skill level 2 in Armour
 10524 | D:11     | Reached skill level 2 in Transmutations
 10599 | D:11     | Noticed a skeletal warrior
 10642 | Orc:1    | Entered Level 1 of the Orcish Mines
 10705 | Orc:1    | Found a frozen archway.
 10714 | IceCv    | Entered an ice cave
 10719 | IceCv    | Reached skill level 2 in Evocations
 10729 | IceCv    | Reached skill level 5 in Invocations
 10818 | IceCv    | Reached skill level 2 in Stealth
 10845 | IceCv    | Reached skill level 3 in Dodging
 10845 | IceCv    | Reached skill level 1 in Translocations
 11070 | IceCv    | Received a gift from Okawaru
 11070 | IceCv    | Reached skill level 4 in Slings
 11075 | IceCv    | Got a crystal executioner's axe {god gift}
 11087 | IceCv    | Reached XP level 12. HP: 102/110 MP: 10/16
 11144 | IceCv    | Reached skill level 4 in Spellcasting
 11190 | IceCv    | Noticed a frost giant
 11213 | IceCv    | Killed a frost giant
 11213 | IceCv    | Reached skill level 5 in Fighting
 11213 | IceCv    | Reached skill level 4 in Charms
 11298 | IceCv    | Got a shimmering hat
 11309 | IceCv    | Identified the +4 hat of the Grue {rF+ Int+3} (You found it
                  | in an ice cave)
 11315 | IceCv    | Got a transparent halberd
 11454 | Orc:1    | Received a gift from Okawaru
 11469 | Orc:1    | Reached skill level 3 in Armour
 11514 | Orc:1    | Reached skill level 2 in Translocations
 11580 | Orc:1    | Identified the +2 executioner's axe of the Lamprey {pain,
                  | MR+ SInv} (Okawaru gifted it to you in an ice cave)
 11942 | Orc:1    | Reached skill level 1 in Shields
 12243 | Orc:2    | Entered Level 2 of the Orcish Mines
 12243 | Orc:2    | Found a staircase to the Elven Halls.
 12288 | Orc:2    | Found a roughly hewn altar of Beogh.
 12488 | Orc:2    | Found a roughly hewn altar of Beogh.
 12488 | Orc:2    | Found Mijirgh's Assorted Antiques.
 12526 | Orc:2    | Bought a scroll of identify for 66 gold pieces
 12526 | Orc:2    | Bought a wand of paralysis (8) for 66 gold pieces
 12526 | Orc:2    | Bought a scroll of identify for 66 gold pieces
 12526 | Orc:2    | Bought a potion of lignification for 99 gold pieces
 12573 | Orc:2    | Found a roughly hewn altar of Beogh.
 12607 | Orc:2    | Received a gift from Okawaru
 12607 | Orc:2    | Reached skill level 3 in Evocations
 12616 | Orc:2    | Got a jewelled cloak {god gift}
 12628 | Orc:2    | Identified the +3 cloak of Magic {rElec rCorr Int-5 Stlth+}
                  | (Okawaru gifted it to you on level 2 of the Orcish Mines)
 12628 | Orc:2    | Identified the +5 halberd "Ceitel" {holy, rElec MR+ MP+9
                  | Int+3} (You found it in an ice cave)
 12856 | Orc:2    | Noticed Donald
 12945 | Orc:1    | Killed Donald
 12945 | Orc:1    | Reached skill level 6 in Throwing
 12945 | Orc:1    | Reached skill level 2 in Shields
 12945 | Orc:1    | Reached skill level 3 in Transmutations
 13122 | Orc:2    | Found a roughly hewn altar of Beogh.
 13123 | Orc:2    | Found Ekitow's Food Shoppe.
 13429 | Orc:2    | Reached XP level 13. HP: 116/119 MP: 18/18
 13546 | Orc:2    | Reached skill level 4 in Dodging
 13549 | Orc:2    | Noticed an orc warlord
 13648 | Orc:2    | Killed an orc warlord
 13955 | Orc:2    | Noticed an orc warlord
 13971 | Orc:2    | Killed an orc warlord
 13971 | Orc:2    | Reached skill level 3 in Stealth
 13994 | Orc:2    | Found a roughly hewn altar of Beogh.
 14091 | Orc:2    | Found Gisuclif's Antique Weapon Boutique.
 14092 | Orc:2    | Found a roughly hewn altar of Beogh.
 14093 | Orc:2    | Found Ewor's Antique Armour Shop.
 14298 | Lair:1   | Entered Level 1 of the Lair of Beasts
 14353 | Lair:1   | Found an opulent altar of Gozag.
 14493 | Lair:1   | Reached skill level 6 in Invocations
 14736 | Lair:1   | Reached skill level 3 in Shields
 14748 | Lair:1   | Received a gift from Okawaru
 14753 | Lair:1   | Reached skill level 5 in Slings
 15565 | Lair:2   | Reached skill level 3 in Translocations
 16219 | Lair:3   | Found a staircase to the Shoals.
 16303 | Lair:3   | Reached skill level 7 in Throwing
 16791 | Lair:3   | Reached skill level 4 in Armour
 17251 | Lair:4   | Reached skill level 4 in Shields
 17338 | Lair:4   | Reached XP level 14. HP: 110/128 MP: 16/19
 17347 | Lair:4   | Reached skill level 6 in Fighting
 17543 | Lair:4   | Noticed Nessos
 17561 | Lair:4   | Found a staircase to the Snake Pit.
 17569 | Lair:4   | Killed Nessos
 18247 | Lair:5   | Reached skill level 4 in Evocations
 18296 | Lair:5   | Reached skill level 4 in Transmutations
 18382 | Lair:5   | Received a gift from Okawaru
 18424 | Lair:5   | Reached skill level 5 in Dodging
 18798 | Lair:6   | Entered Level 6 of the Lair of Beasts
 18978 | Lair:6   | Received a gift from Okawaru
 18978 | Lair:6   | Reached skill level 5 in Charms
 18979 | Lair:6   | Got a crude cloak {god gift}
 18990 | Lair:6   | Identified the +0 cloak of Masochism {rCorr Dex+6 Stlth-}
                  | (Okawaru gifted it to you on level 6 of the Lair of Beasts)
 19392 | Lair:6   | Reached skill level 5 in Shields
 19511 | Lair:6   | Found a runed translucent door.
 19515 | Lair:6   | Found a viscous altar of Jiyva.
 19516 | Lair:6   | Found a staircase to the Slime Pits.
 19563 | Lair:6   | Reached skill level 6 in Slings
 20159 | Lair:6   | Reached skill level 5 in Spellcasting
 20159 | Lair:6   | Reached skill level 7 in Invocations
 20177 | Lair:6   | Reached skill level 4 in Translocations
 20192 | Lair:6   | Received a gift from Okawaru
 20828 | D:12     | Reached XP level 15. HP: 78/137 MP: 21/21
 21233 | D:12     | You fall into a shaft and drop 2 floors!
 21926 | D:12     | Reached skill level 5 in Armour
 22564 | D:13     | Reached skill level 4 in Stealth
 22719 | D:14     | Reached skill level 6 in Shields
 22865 | D:14     | Received a gift from Okawaru
 22866 | D:14     | Reached skill level 5 in Transmutations
 23580 | D:14     | Identified the cursed +3 arbalest of Cowardice {speed, rN+
                  | Str+2}
 23789 | D:14     | Found a gate to the Vaults.
 23807 | D:14     | Reached skill level 6 in Dodging
 23807 | D:14     | Reached skill level 5 in Evocations
 24429 | D:15     | Entered Level 15 of the Dungeon
 24475 | D:15     | Reached skill level 7 in Fighting
 24525 | D:15     | Identified a scroll of acquirement
 24526 | D:15     | Identified the ring of the Good {Fire Int+3 Slay-4 SInv}
                  | (You acquired it on level 15 of the Dungeon)
 24794 | D:15     | Received a gift from Okawaru
 24804 | D:15     | Identified the +0 cloak "Vong" {rF++} (Okawaru gifted it to
                  | you on level 15 of the Dungeon)
 24964 | D:15     | Found a staircase to the Depths.
 24977 | D:15     | Reached skill level 7 in Slings
 25705 | Orc:2    | Bought the +8 lance "Wyrmbane" {slay drac, rPois rF+ rC+
                  | AC+3} for 1939 gold pieces
 25705 | Orc:2    | Found the +8 lance "Wyrmbane" {slay drac, rPois rF+ rC+
                  | AC+3}
 25779 | D:10     | Bought a potion of heal wounds for 75 gold pieces
 25779 | D:10     | Bought a potion of invisibility for 120 gold pieces
 25779 | D:10     | Bought a potion of ambrosia for 120 gold pieces
 25779 | D:10     | Bought a potion of curing for 45 gold pieces
 25779 | D:10     | Bought a potion of flight for 45 gold pieces
 25779 | D:10     | Bought a potion of curing for 45 gold pieces
 25779 | D:10     | Bought a potion of might for 60 gold pieces
 25793 | D:10     | Bought a potion of invisibility for 104 gold pieces
 25793 | D:10     | Bought 2 potions of heal wounds for 130 gold pieces
 25793 | D:10     | Bought a potion of cancellation for 104 gold pieces
 25793 | D:10     | Bought a potion of cancellation for 104 gold pieces
 25793 | D:10     | Bought a potion of might for 52 gold pieces
 25793 | D:10     | Bought a potion of might for 52 gold pieces
 25793 | D:10     | Bought 2 potions of invisibility for 208 gold pieces
 25923 | Shoals:1 | Entered Level 1 of the Shoals
 25930 | Shoals:1 | Reached XP level 16. HP: 147/149 MP: 23/23
 25939 | Shoals:1 | Found an ornate altar of the Wu Jian Council.
 26138 | Snake:1  | Entered Level 1 of the Snake Pit
 26216 | Snake:1  | Reached skill level 1 in Polearms
 26514 | Snake:1  | Reached skill level 7 in Shields
 26926 | Snake:1  | Reached skill level 5 in Translocations
 27277 | Snake:1  | Reached skill level 2 in Polearms
 27299 | Snake:1  | Reached skill level 6 in Charms
 27916 | Snake:2  | Reached skill level 6 in Armour
 27921 | Snake:2  | Found a transporter.
 28225 | Snake:2  | Reached skill level 3 in Polearms
 28365 | Snake:2  | Found a transporter.
 29399 | Snake:3  | Identified the ring "Xauheroh" {*Corrode rElec rPois rC+++
                  | SInv} (You found it on level 3 of the Snake Pit)
 29525 | Snake:3  | Found Peezorrang's Gadget Boutique.
 29539 | Snake:3  | Found Loisanys's Armour Shoppe.
 29592 | Snake:3  | Learned a level 2 spell: Passwall
 29995 | Snake:3  | Reached skill level 6 in Transmutations
 30269 | Snake:4  | Entered Level 4 of the Snake Pit
 30298 | Snake:3  | Reached skill level 4 in Polearms
 30553 | Snake:4  | Received a gift from Okawaru
 30675 | Snake:4  | Reached skill level 5 in Stealth
 30888 | Snake:4  | Reached skill level 6 in Spellcasting
 30888 | Snake:4  | Reached XP level 17. HP: 139/156 MP: 21/25
 30971 | Snake:4  | Reached skill level 6 in Evocations
 30976 | Snake:4  | Reached skill level 7 in Dodging
 31183 | Snake:4  | Received a gift from Okawaru
 32004 | Snake:4  | Received a gift from Okawaru
 32125 | Snake:4  | Reached skill level 5 in Polearms
 32362 | Snake:4  | Upgraded the game from 0.25-a0-488-g03579ab4a3 to
                  | 0.25-a0-492-g44cc58d149
 32419 | Snake:4  | Received a gift from Okawaru
 32419 | Snake:4  | Reached skill level 6 in Translocations
 33165 | Snake:4  | Received a gift from Okawaru
 33177 | Snake:4  | Reached skill level 7 in Armour
 33311 | Snake:4  | Reached skill level 1 in Earth Magic
 33496 | Snake:4  | Received a gift from Okawaru
 33509 | Snake:4  | Identified the +9 fustibalus of War {speed, rF+ rN+ Str+4
                  | Int+5} (Okawaru gifted it to you on level 4 of the Snake
                  | Pit)
 33546 | Snake:4  | Reached skill level 6 in Polearms
 33705 | Snake:4  | Got a serpentine rune of Zot
 34111 | Shoals:1 | Identified the cursed +2 short sword "Koodics" {freeze,
                  | Dex+6 SInv} (You found it on level 1 of the Shoals)
 34181 | Shoals:1 | Reached skill level 7 in Charms
 34299 | Shoals:1 | Received a gift from Okawaru
 34697 | Shoals:1 | Reached skill level 2 in Earth Magic
 35158 | Shoals:1 | Received a gift from Okawaru
 35436 | Shoals:2 | Reached XP level 18. HP: 95/165 MP: 26/26
 35549 | Shoals:2 | Received a gift from Okawaru
 36203 | Shoals:2 | Reached skill level 7 in Transmutations
 36281 | Shoals:3 | Noticed Polyphemus
 36498 | Shoals:2 | Received a gift from Okawaru
 36596 | Shoals:3 | Killed Polyphemus
 36596 | Shoals:3 | Reached skill level 7 in Polearms
 36599 | Shoals:3 | Reached skill level 3 in Earth Magic
 36599 | Shoals:3 | Reached skill level 7 in Evocations
 37134 | Shoals:3 | Reached skill level 1 in Axes
 37564 | Shoals:3 | Received a gift from Okawaru
 37622 | Shoals:3 | Found the cursed +14 obsidian axe {vorpal, +Fly SInv
                  | *Curse}
 37661 | Shoals:3 | Noticed Mara
 37705 | Shoals:3 | Noticed mopl's illusion
 37794 | Shoals:4 | Entered Level 4 of the Shoals
 37809 | Shoals:4 | Reached skill level 2 in Axes
 37955 | Shoals:4 | Reached skill level 6 in Stealth
 37987 | Shoals:4 | Learned a level 2 spell: Swiftness
 37990 | Shoals:4 | Learned a level 2 spell: Poisonous Vapours
 38112 | Shoals:4 | Received a gift from Okawaru
 38137 | Shoals:4 | Reached skill level 7 in Translocations
 38414 | Shoals:4 | Received a gift from Okawaru
 38599 | Shoals:4 | Reached skill level 3 in Axes
 38857 | Shoals:4 | Reached skill level 4 in Earth Magic
 38869 | Shoals:4 | Reached skill level 1 in Air Magic
 38895 | Shoals:4 | Reached skill level 1 in Poison Magic
 38977 | Shoals:4 | Reached skill level 7 in Spellcasting
 38984 | Shoals:4 | Received a gift from Okawaru
 39228 | Shoals:4 | Noticed Roxanne
 39245 | Shoals:4 | Killed Roxanne
 39418 | Shoals:4 | Reached skill level 4 in Axes
 39427 | Shoals:4 | Got a barnacled rune of Zot
 39701 | Shoals:4 | Reached skill level 2 in Poison Magic
 40009 | Lair:1   | Learned a level 3 spell: Dazzling Flash
 40095 | Elf:1    | Entered Level 1 of the Elven Halls
 40167 | Elf:1    | Reached skill level 2 in Air Magic
 40367 | Elf:1    | Received a gift from Okawaru
 40408 | Elf:1    | Got crude quicksilver dragon scales {god gift}
 40431 | Elf:1    | Identified the quicksilver dragon scales of Contentment
                  | {MR+ MP+9} (Okawaru gifted it to you on level 1 of the
                  | Elven Halls)
 40526 | Elf:1    | Identified the Volume of Creative Conjuration
 40613 | Elf:1    | Reached skill level 1 in Conjurations
 40650 | Elf:1    | Reached skill level 1 in Hexes
 40661 | Elf:1    | Reached skill level 1 in Staves
 40688 | Elf:1    | Reached XP level 19. HP: 171/171 MP: 28/28
 40882 | Elf:2    | Reached skill level 5 in Earth Magic
 40930 | Elf:2    | Found Cyuxt's Magic Scroll Shop.
 40938 | Elf:2    | Bought a scroll of teleportation for 60 gold pieces
 40938 | Elf:2    | Bought a scroll of teleportation for 60 gold pieces
 40938 | Elf:2    | Bought a scroll of blinking for 150 gold pieces
 40938 | Elf:2    | Bought a scroll of fear for 70 gold pieces
 40938 | Elf:2    | Bought a scroll of fog for 40 gold pieces
 40938 | Elf:2    | Bought a scroll of identify for 40 gold pieces
 40938 | Elf:2    | Bought a scroll of identify for 40 gold pieces
 40938 | Elf:2    | Bought a scroll of vulnerability for 150 gold pieces
 40938 | Elf:2    | Bought a scroll of vulnerability for 150 gold pieces
 40938 | Elf:2    | Bought a scroll of magic mapping for 70 gold pieces
 40998 | Elf:2    | Reached skill level 5 in Axes
 41014 | Elf:3    | Entered Level 3 of the Elven Halls
 41514 | Elf:3    | Reached skill level 2 in Staves
 42237 | Elf:3    | Identified the Compendium of Sinister Rites
 42417 | Elf:3    | Reached skill level 2 in Conjurations
 42426 | Elf:3    | Reached skill level 3 in Staves
 42580 | Elf:3    | Reached skill level 3 in Poison Magic
 42751 | Elf:3    | Reached skill level 2 in Hexes
 42798 | Elf:3    | Reached skill level 3 in Air Magic
 42944 | Elf:3    | Received a gift from Okawaru
 42947 | Elf:3    | Reached skill level 4 in Staves
 43350 | Elf:3    | Received a gift from Okawaru
 43427 | Elf:3    | Noticed a Brimstone Fiend
 43449 | Elf:3    | Received a gift from Okawaru
 43449 | Elf:3    | Reached skill level 6 in Earth Magic
 43514 | Elf:3    | Reached skill level 3 in Conjurations
 43645 | Elf:3    | Reached skill level 7 in Stealth
 43744 | Elf:3    | Identified the +5 whip of Welfare {protect, rElec Stlth+}
                  | (You found it on level 3 of the Elven Halls)
 43758 | Elf:3    | Identified the Guide on the Hurtful Volcanoes
 43758 | Elf:3    | Identified the +7 battleaxe of Skirmishing {speed, Stlth+}
 43777 | Elf:3    | Reached skill level 5 in Staves
 43785 | Elf:3    | Reached skill level 3 in Hexes
 43849 | Elf:3    | Learned a level 1 spell: Apportation
 43852 | Elf:3    | Identified the Collected Works on Hurtful Evil Arts
 44808 | Slime:1  | Entered Level 1 of the Pits of Slime
 44975 | Slime:2  | Reached skill level 4 in Poison Magic
 45132 | Slime:3  | Reached XP level 20. HP: 179/180 MP: 29/29
 45182 | Slime:5  | Entered Level 5 of the Pits of Slime
 45517 | Slime:5  | Reached skill level 6 in Axes
 45581 | Slime:5  | Noticed the Royal Jelly
 45582 | Slime:5  | Found a viscous altar of Jiyva.
 45594 | Slime:5  | Killed the Royal Jelly
 45594 | Slime:5  | Received a gift from Okawaru
 45594 | Slime:5  | Reached skill level 4 in Conjurations
 45594 | Slime:5  | Reached skill level 4 in Air Magic
 45819 | Slime:5  | Got a warped bone ring
 45841 | Slime:5  | Got a slimy rune of Zot
 45898 | Slime:5  | Identified the amulet of the Zebra {+Rage rN+ Str+7 Int-3
                  | Dex+2} (You found it on level 5 of the Pits of Slime)
 45907 | Slime:5  | Identified the ring of Incredulity {Int+3 Dex+2 SInv} (You
                  | found it on level 5 of the Pits of Slime)
 46795 | Depths:1 | Entered Level 1 of the Depths
 46821 | Depths:1 | Reached skill level 7 in Earth Magic
 47128 | Depths:1 | Reached skill level 7 in Axes
 47294 | Depths:1 | Received a gift from Okawaru
 47294 | Depths:1 | Reached skill level 4 in Hexes
 47314 | Depths:1 | Noticed Bai Suzhen
 47341 | Depths:1 | Killed Bai Suzhen
 47341 | Depths:1 | Reached skill level 6 in Staves
 47385 | Depths:1 | Received a gift from Okawaru
 47385 | Depths:1 | Reached skill level 5 in Poison Magic
 48248 | Depths:2 | Reached skill level 7 in Staves
 48248 | Depths:2 | Reached skill level 5 in Air Magic
 48475 | Depths:1 | Reached skill level 5 in Conjurations
 48723 | Depths:1 | Reached XP level 21. HP: 96/187 MP: 30/30
 48975 | Depths:2 | Noticed a juggernaut
 49000 | Depths:2 | Killed a juggernaut
 49000 | Depths:2 | Reached skill level 5 in Hexes
 49008 | Depths:2 | Learned a level 1 spell: Animate Skeleton
 49029 | Depths:2 | Identified the ring of Ziwi Wei {rElec rPois rF- rC+ rN+
                  | Stlth+}
 49184 | Depths:2 | Found a gateway to Hell.
 49276 | Depths:2 | Reached skill level 1 in Maces & Flails
 49287 | Depths:2 | Reached skill level 1 in Necromancy
 49297 | Depths:2 | Reached skill level 6 in Poison Magic
 49683 | Depths:2 | Reached skill level 2 in Maces & Flails
 49990 | Depths:2 | Reached skill level 2 in Necromancy
 50294 | Depths:2 | Received a gift from Okawaru
 50300 | Depths:2 | Reached skill level 6 in Conjurations
 50395 | Depths:2 | You fall into a shaft and drop 2 floors!
 50409 | Depths:4 | Reached skill level 3 in Maces & Flails
 50565 | Depths:4 | Learned a level 1 spell: Foxfire
 50569 | Depths:4 | Learned a level 3 spell: Summon Guardian Golem
 50584 | Depths:4 | Noticed a golden dragon
 50589 | Depths:4 | Cast into level 2 of the Abyss (spriggan defender)
 50596 | Abyss:2  | Found a shimmering blue altar of Sif Muna.
 50624 | Abyss:2  | Identified the Tome of Orientation
 50655 | Abyss:2  | Paralysed by accursed screaming for 1 turns
 50662 | Abyss:2  | Found a corrupted altar of Lugonu.
 50864 | Abyss:2  | Reached skill level 6 in Air Magic
 50870 | Abyss:2  | Found a corrupted altar of Lugonu.
 51021 | Abyss:2  | Reached skill level 3 in Necromancy
 51345 | Abyss:2  | Received a gift from Okawaru
 51377 | Depths:4 | Escaped the Abyss
 51378 | Depths:4 | Identified the ring of Jick {+Fly rF+ rC+ MR+ Int+2}
 51399 | Depths:4 | Reached skill level 1 in Summonings
 51399 | Depths:4 | Reached skill level 1 in Fire Magic
 51416 | Depths:4 | Killed a golden dragon
 51438 | Depths:4 | Noticed a golden dragon
 51440 | Depths:4 | Reached skill level 4 in Maces & Flails
 51453 | Depths:4 | Received a gift from Okawaru
 51456 | Depths:4 | Identified the amulet of Ytuwezy {Gourm rPois rF+ Str-2}
 51465 | Depths:4 | Killed a golden dragon
 51546 | Depths:4 | Identified the ring "Zeseunn" {rF+ rCorr} (You found it on
                  | level 4 of the Depths)
 51553 | Depths:4 | Identified the amulet "Rublut" {Faith rPois rC+ Int+2} (You
                  | found it on level 4 of the Depths)
 51809 | Depths:4 | Reached skill level 6 in Hexes
 51890 | Depths:4 | Reached skill level 2 in Summonings
 51904 | Depths:4 | Reached skill level 2 in Fire Magic
 51965 | Depths:4 | Noticed a caustic shrike
 51966 | Depths:4 | Noticed a caustic shrike
 51979 | Depths:4 | Killed a caustic shrike
 51979 | Depths:4 | Reached XP level 22. HP: 156/196 MP: 31/31
 51979 | Depths:4 | Noticed a caustic shrike
 51982 | Depths:4 | Noticed a caustic shrike
 51989 | Depths:4 | Reached skill level 5 in Maces & Flails
 51989 | Depths:4 | Reached skill level 4 in Necromancy
 51996 | Depths:4 | Killed a caustic shrike
 51996 | Depths:4 | Received a gift from Okawaru
 51997 | Depths:4 | Noticed Jory
 51998 | Depths:4 | Killed a caustic shrike
 51998 | Depths:4 | Reached skill level 7 in Poison Magic
 52005 | Depths:4 | Noticed a caustic shrike
 52007 | Depths:4 | Killed a caustic shrike
 52007 | Depths:4 | Received a gift from Okawaru
 52013 | Depths:4 | Killed a caustic shrike
 52017 | Depths:4 | Noticed Xtahua
 52038 | Depths:4 | Killed Jory
 52261 | Depths:4 | Killed Xtahua
 52368 | Depths:2 | Reached skill level 6 in Maces & Flails
 52449 | Depths:3 | Reached skill level 7 in Conjurations
 52449 | Depths:3 | Reached skill level 3 in Summonings
 52584 | Depths:3 | Reached skill level 3 in Fire Magic
 53142 | Depths:1 | Received a gift from Okawaru
 53749 | Snake:3  | Bought a wand of iceblast (6) for 160 gold pieces
 53749 | Snake:3  | Bought a wand of acid (9) for 416 gold pieces
 53749 | Snake:3  | Bought a wand of acid (6) for 320 gold pieces
 53749 | Snake:3  | Bought a sack of spiders for 320 gold pieces
 54232 | Depths:4 | Noticed Frederick
 54251 | Depths:4 | Killed Frederick
 54263 | Depths:4 | Received a gift from Okawaru
 54273 | Depths:5 | Entered Level 5 of the Depths
 54273 | Depths:5 | Noticed a golden dragon
 54275 | Depths:5 | Noticed a caustic shrike
 54276 | Depths:5 | Noticed a caustic shrike
 54276 | Depths:5 | Noticed a caustic shrike
 54353 | Depths:4 | Reached skill level 5 in Necromancy
 54398 | Depths:4 | Reached skill level 7 in Maces & Flails
 54483 | Depths:4 | Killed a caustic shrike
 54493 | Depths:4 | Killed a caustic shrike
 54493 | Depths:4 | Reached skill level 1 in Short Blades
 54521 | Depths:4 | Found a corrupted altar of Lugonu.
 54521 | Depths:4 | Found a one-way gate to the infinite horrors of the Abyss.
 54687 | Depths:4 | Killed a golden dragon
 54687 | Depths:4 | Reached skill level 7 in Air Magic
 54784 | Depths:4 | Reached skill level 2 in Short Blades
 55020 | Depths:4 | Killed a caustic shrike
 55020 | Depths:4 | Received a gift from Okawaru
 55247 | Depths:4 | Reached skill level 4 in Summonings
 55321 | Depths:4 | Reached skill level 4 in Fire Magic
 55328 | Depths:4 | Reached skill level 3 in Short Blades
 55613 | Depths:4 | Reached skill level 7 in Hexes
 55890 | Depths:5 | Reached XP level 23. HP: 202/202 MP: 32/32
 55901 | Depths:5 | Reached skill level 4 in Short Blades
 55918 | Depths:5 | Found Ziek's Blood Bar.
 55977 | Depths:5 | Reached skill level 6 in Necromancy
 56060 | Depths:5 | Received a gift from Okawaru
 56072 | Depths:5 | Found a gate to the Realm of Zot.
 56209 | Zot:1    | Entered Level 1 of the Realm of Zot
 56213 | Zot:1    | Noticed an ancient lich
 56247 | Zot:1    | Reached skill level 5 in Short Blades
 56258 | Zot:1    | Received a gift from Okawaru
 56270 | Zot:1    | Reached skill level 5 in Summonings
 56273 | Zot:1    | Reached skill level 5 in Fire Magic
 56313 | Zot:1    | HP: 6/202 [death cob (7)]
 56313 | Zot:1    | Slain by a phantasmal warrior

Levels and vault maps discovered:
D:1:      wander_arrival_chamber, layout_loops_ring, minmay_tetromino_s4
D:2:      layout_basic, lemuel_coloured_pillars_altar
D:3:      layout_loops_cross, uniq_jessica
D:4:      cheibrodos_old_hovel, layout_loops_cross, minmay_temple_entry_arrows,
          first_ration
D:5:      layout_loops_ring, ashenzari_conservatory_becter
D:6:      layout_basic, hangedman_decor_clover_reticule, nrook_mini_backslash,
          dk_noncrumbling_2, uniq_grinder
D:7:      layout_basic, gammafunk_temple_overflow_wave,
          brannock_xom_greatest_gift, lemuel_crystal_altar,
          nicolae_tso_swordbearing_angel
D:8:      minmay_diamond_stairs, layout_basic, gammafunk_temple_overflow_claw,
          uniq_grum
D:9:      layout_layer_cave, erik_lair_orcish_takeover, uniq_maggie
D:10:     layout_long_grid, serial_shops, nicolae_shop_trees, shop,
          kennysheep_mini, grunt_tengu_nest
D:11:     layout_irregular_city, erik_orc_4
D:12:     kennysheep_windowed_halls, layout_irregular_city
D:13:     layout_basic, serial_curves, eino_curves_01, eino_curves_04,
          eino_curves_04, special_room [special_room_bee]
D:14:     layout_rooms, erik_vaults_2, serial_co_window_serial,
          co_window_paths_b, co_window_paths_b, co_window_paths_b,
          co_window_of_opportunity_a, co_window_paths_b, co_window_paths_a,
          co_window_paths_a, co_window_paths_c, co_window_corner_cb,
          co_window_2corner, co_window_unsneaky_path_a, co_window_corner_b,
          co_window_4corner_a, glass_columns_a, glass_columns_b,
          glass_columns_c, glass_columns_b, grunt_ministairs_11
D:15:     hangedman_depths_entry_try_elsewhere_first, layout_basic, hex_medium,
          serial_bayou_pond_c, nicolae_two_hexagons, minmay_misc_feat_cross
Lair:1:   kb_forest_paths, layout_long_grid, basic_altar, worms_lemuel
Lair:2:   layout_gridlike
Lair:3:   layout_hall_layers, minmay_shoals_entry_beasts
Lair:4:   layout_hall_layers, dummy_snake_entry, grunt_megastairs_1,
          infiniplex_staircase_pool, lemuel_fruit_tree, uniq_nessos
Lair:5:   layout_roguey
Lair:6:   grunt_lair_end_beastmaster, layout_regular_city, slime_altar_2
Shoals:1: layout_shoals, nicolae_shoals_seven_spires, lemuel_centaur_altar
Shoals:2: layout_shoals
Shoals:3: layout_shoals, uniq_mara, uniq_polyphemus
Shoals:4: shoals_end_simple, layout_shoals, uniq_roxanne
Snake:1:  layout_misc_corridors
Snake:2:  gammafunk_the_bubble [the_bubble_gammafunk_crates], layout_chambers
Snake:3:  layout_onion_interference, serial_shops, nicolae_shop_statue_plus,
          nicolae_shop_crystal
Snake:4:  snake_pit_salamanders_mu, layout_cave_town
Slime:1:  layout_caves, cheibrodos_slime_lost_civilization_5
Slime:2:  layout_caves, uniq_dissolution
Slime:3:  layout_caves
Slime:4:  layout_caves, cheibrodos_slime_lost_civilization_4
Slime:5
Orc:1:    layout_caves, portal_ice_cave_entry_pillars_2,
          nicolae_volcano_entry_two_sided
Orc:2:    grunt_orc_community_town_hall, layout_diamond_mine,
          grunt_orc_community_big_house_1, grunt_orc_community_big_house_1,
          grunt_orc_community_house_2, grunt_orc_community_house_2,
          grunt_orc_community_house_3, grunt_orc_community_house_3,
          grunt_orc_community_house_3, grunt_orc_community_house_1, uniq_donald
Elf:1:    elf_arrival_002, layout_geoelf_grid, minmay_elf_sorcery
Elf:2:    layout_geoelf_octagon, serial_shops, shop, lemuel_elevator
Elf:3:    minmay_elf_hall_circle, layout_geoelf_castle, minmay_elf_necromancy,
          uniq_asterion
Depths:1: layout_roguey, pf_hell_entry_tar_river,
          hangedman_abyss_or_decor_stabs, columned_hall_lemuel, minislime_mu,
          uniq_bai_suzhen
Depths:2: minmay_complete_graph, layout_cave_pools, serial_bayou,
          serial_bayou_pond_b, serial_bayou_lake_a, serial_bayou_pond_b,
          serial_bayou_pond_b, hell_entry, minmay_misc_feat_enclosed,
          abyss_entry, kennysheep_minor_cross, grunt_ministairs_10
Depths:3: wad_cavern_with_rooms, layout_cave_shapes, enter_ziggurat_e,
          rand_demon_pan_entry_8, hell_entry, kennysheep_flooded_box,
          minmay_staircase_windowed_large, uniq_margery
Depths:4: minmay_the_grid_triangle_9x9_rhombus_full
          [minmay_the_grid_triangle_9x9_minimal,
          minmay_the_grid_triangle_9x9_checkered,
          minmay_the_grid_triangle_9x9_impossible_snake,
          minmay_the_grid_triangle_9x9_sparse_checkered,
          minmay_the_grid_triangle_9x9_zippers_horizontal,
          minmay_the_grid_triangle_9x9_from_above,
          minmay_the_grid_triangle_9x9_cache,
          minmay_the_grid_triangle_9x9_prize_special], layout_cave_shapes,
          abyss_entry_flame_altar, hangedman_coc_ice_floe, ebering_ghost_xom,
          serial_shops, shop, serial_bayou_shore_b,
          infiniplex_staircase_diamond, uniq_xtahua, uniq_frederick, uniq_jory
Depths:5: evilmike_zot_entry_argh, layout_cave_pools,
          nicolae_abyss_entry_one_way_or_another, pf_vacation_house_of_asmodeus,
          guppyfry_shop_blood, serial_bayou_shore_a
Zot:1:    ebering_greatest_show_in_zot, layout_concentric_octagons,
          lemuel_lich_library

Skill      XL: |  1  2  3  4  5  6  7  8  9 10 11 12 13 14 15 16 17 18 19 20 21 22 23 |
---------------+----------------------------------------------------------------------+-----
Ice Magic      | 3 4 5 6 7 |  7.0
Unarmed Combat | 1 2 3 5 6 7 |  7.0
Throwing       | 1 2 3 4 5 6 7 |  7.0
Fighting       | 1 2 3 4 5 6 7 |  7.0
Invocations    | 1 2 3 4 5 6 7 |  7.0
Slings         | 1 2 3 4 5 6 7 |  7.0
Spellcasting   | 2 3 4 5 6 7 |  7.0
Charms         | 1 2 3 4 5 6 7 |  7.0
Dodging        | 2 3 4 5 6 7 |  7.0
Transmutations | 1 2 3 4 5 6 7 |  7.0
Armour         | 1 2 3 4 5 6 7 |  7.0
Evocations     | 2 3 4 5 6 7 |  7.0
Stealth        | 2 3 4 5 6 7 |  7.0
Translocations | 1 2 3 4 5 6 7 |  7.0
Shields        | 2 4 5 6 7 |  7.0
Polearms       | 4 6 7 |  7.0
Earth Magic    | 2 4 6 7 |  7.0
Axes           | 4 5 7 |  7.1
Air Magic      | 2 3 5 6 7 |  7.0
Poison Magic   | 2 4 5 6 7 |  7.0
Conjurations   | 1 3 5 6 7 |  7.0
Hexes          | 1 3 4 6 7 |  7.0
Staves         | 1 5 7 |  7.0
Maces & Flails | 4 7 |  7.0
Necromancy     | 3 5 6 |  6.5
Summonings     | 2 4 5 |  5.0
Fire Magic     | 2 4 5 |  5.0
Short Blades   | 3 5 |  5.5

Action                   |  1- 3 |  4- 6 |  7- 9 | 10-12 | 13-15 | 16-18 | 19-21 | 22-24 || total
-------------------------+-------+-------+-------+-------+-------+-------+-------+-------++-------
Melee: Unarmed           |   116 |   158 |   315 |  1028 |  2060 |       |       |       ||  3677
       Punch             |       |     2 |     6 |    32 |    10 |       |       |       ||    50
       War axe           |       |       |     4 |       |       |       |       |       ||     4
       Lance             |       |       |       |       |     5 |  2798 |  2096 |   726 ||  5625
 Fire: Fustibalus        |       |       |       |       |       |    33 |       |       ||    33
Throw: Stone             |       |       |     1 |       |       |       |       |       ||     1
       Boomerang         |       |       |       |    53 |   286 |   484 |   163 |       ||   986
       Javelin           |       |       |       |       |     5 |    83 |   502 |    78 ||   668
       Large rock        |       |       |       |       |       |    63 |    14 |    62 ||   139
       Dart              |       |       |       |       |       |    21 |     4 |       ||    25
       Throwing net      |       |       |       |       |       |     1 |     5 |     4 ||    10
 Cast: Freeze            |       |    12 |    21 |     4 |       |       |       |       ||    37
       Frozen Ramparts   |       |     3 |     9 |    20 |     1 |       |       |       ||    33
       Ozocubu's Armour  |       |       |     5 |    19 |     5 |     6 |       |       ||    35
       Blink             |       |       |       |       |     2 |    18 |    11 |    15 ||    46
       Passwall          |       |       |       |       |       |     1 |     4 |       ||     5
       Sticks to Snakes  |       |       |       |       |       |    12 |     5 |       ||    17
       Apportation       |       |       |       |       |       |       |    14 |       ||    14
Invok: Heroism           |       |       |     6 |    45 |    74 |   106 |    74 |    27 ||   332
       Finesse           |       |       |       |     3 |     1 |     2 |     5 |     1 ||    12
 Abil: Evoke Flight      |       |       |       |       |       |       |       |     2 ||     2
Evoke: Wand              |       |       |     7 |     5 |     6 |    72 |    16 |     4 ||   110
       Fan of gales      |       |       |       |       |       |       |     1 |       ||     1
  Use: Scroll            |       |     1 |     1 |    14 |    16 |    17 |    23 |    10 ||    82
       Potion            |       |       |       |     2 |       |     5 |     2 |     2 ||    11
 Stab: Sleeping          |     1 |     1 |     5 |     1 |    21 |    11 |    12 |       ||    52
       Distracted        |       |       |       |     3 |     3 |     3 |     7 |     3 ||    19
       Paralysed         |       |       |       |       |     3 |    26 |     2 |     4 ||    35
       Held in net/web   |       |       |       |       |       |       |     1 |     7 ||     8
       Invisible         |       |       |       |       |       |       |     1 |       ||     1
  Eat: Chunk             |    18 |    16 |    44 |    75 |   115 |   118 |    80 |    35 ||   501
       Ration            |       |       |       |       |       |     8 |     6 |     1 ||    15
Armor: Robe              |    50 |    58 |   118 |    49 |       |       |       |       ||   275
       Troll leather arm |       |       |       |   343 |   703 |   710 |       |       ||  1756
       Acid dragon scale |       |       |       |     6 |       |       |       |       ||     6
       Quicksilver drago |       |       |       |       |       |    15 |   511 |   301 ||   827
Dodge: Dodged            |    57 |   103 |   194 |   601 |   866 |  1031 |   510 |   319 ||  3681
Block: Kite shield       |       |       |       |       |   817 |  1165 |   714 |   500 ||  3196
       Reflection        |       |       |       |       |     9 |   148 |    30 |    28 ||   215

Table legend:
 A = Non-vault XP
 B = Vault XP
 C = Vault XP percentage of total XP
 D = Non-vault monster count
 E = Vault monster count
 F = Vault count percentage of total count
                 A         B        C        D         E       F
            +---------+---------+-------+---------+---------+-------
      Total |  524726 |  355171 |  40.4 |    1211 |     531 |  30.5
            +---------+---------+-------+---------+---------+-------
        D:1 |      31 |       4 |  11.4 |      19 |       2 |   9.5
        D:2 |      52 |       0 |   0.0 |      22 |       0 |   0.0
        D:3 |      91 |      37 |  28.9 |      18 |       1 |   5.3
        D:4 |     362 |       0 |   0.0 |      15 |       0 |   0.0
        D:5 |     682 |       0 |   0.0 |      32 |       0 |   0.0
        D:6 |     745 |     272 |  26.7 |      22 |       1 |   4.3
        D:7 |    1555 |       0 |   0.0 |      25 |       0 |   0.0
        D:8 |     831 |    1214 |  59.4 |      12 |       9 |  42.9
        D:9 |    1129 |     857 |  43.2 |      25 |       8 |  24.2
       D:10 |    2336 |     868 |  27.1 |      21 |       1 |   4.5
       D:11 |    8257 |     678 |   7.6 |      43 |      15 |  25.9
       D:12 |    6197 |    3955 |  39.0 |      40 |      19 |  32.2
       D:13 |    5350 |    3532 |  39.8 |      27 |      26 |  49.1
       D:14 |   15272 |    9304 |  37.9 |      42 |      12 |  22.2
       D:15 |    4962 |    2893 |  36.8 |      23 |       4 |  14.8
     Lair:1 |    1259 |    3803 |  75.1 |       8 |      17 |  68.0
     Lair:2 |    2241 |       0 |   0.0 |      13 |       0 |   0.0
     Lair:3 |    6640 |     764 |  10.3 |      25 |       2 |   7.4
     Lair:4 |    7308 |    2661 |  26.7 |      22 |       6 |  21.4
     Lair:5 |    9030 |       0 |   0.0 |      14 |       0 |   0.0
     Lair:6 |   12091 |   10359 |  46.1 |      37 |      19 |  33.9
   Shoals:1 |   14901 |     449 |   2.9 |      33 |       4 |  10.8
   Shoals:2 |   17656 |    2747 |  13.5 |      32 |       3 |   8.6
   Shoals:3 |   11998 |    2399 |  16.7 |      24 |       1 |   4.0
   Shoals:4 |   19392 |   19540 |  50.2 |      43 |      39 |  47.6
    Snake:1 |   14600 |       0 |   0.0 |      22 |       0 |   0.0
    Snake:2 |   15456 |       0 |   0.0 |      26 |       0 |   0.0
    Snake:3 |   21000 |       0 |   0.0 |      40 |       0 |   0.0
    Snake:4 |   17135 |   46517 |  73.1 |      33 |      66 |  66.7
    Slime:1 |    2864 |       0 |   0.0 |       3 |       0 |   0.0
    Slime:2 |    5393 |       0 |   0.0 |      10 |       0 |   0.0
    Slime:3 |    4974 |       0 |   0.0 |       6 |       0 |   0.0
    Slime:4 |    2103 |       0 |   0.0 |       8 |       0 |   0.0
    Slime:5 |    1125 |   34068 |  96.8 |       6 |      16 |  72.7
      Orc:1 |    2763 |    2021 |  42.2 |      49 |       1 |   2.0
      Orc:2 |    5790 |   10047 |  63.4 |      33 |      70 |  68.0
      Elf:1 |    9893 |    8931 |  47.4 |      15 |      14 |  48.3
      Elf:2 |    1884 |    1554 |  45.2 |       3 |       2 |  40.0
      Elf:3 |   28864 |   53720 |  65.0 |      49 |      41 |  45.6
   Depths:1 |   43379 |   18166 |  29.5 |      63 |      26 |  29.2
   Depths:2 |   40301 |   33295 |  45.2 |      47 |      25 |  34.7
   Depths:3 |   11445 |    1297 |  10.2 |      20 |       1 |   4.8
   Depths:4 |   98853 |   55841 |  36.1 |      68 |      34 |  33.3
   Depths:5 |   13318 |   13964 |  51.2 |      18 |       9 |  33.3
      Zot:1 |   18932 |       0 |   0.0 |      12 |       0 |   0.0
    Abyss:2 |   14286 |     120 |   0.8 |      43 |       1 |   2.3
      IceCv |       0 |    9294 | 100.0 |       0 |      36 | 100.0
            +---------+---------+-------+---------+---------+-------
